 Dungeon Crawl Stone Soup version 0.27-a0-1331-g60ef6b6952 (webtiles) character file.

Game seed: 6440299592235826817

277 Ijustatesigmund the Chopper (level 6, -5/43 HPs)
             Began as an Octopode Fighter on June 25, 2021.
             Slain by Edmund (8 damage)
             ... on level 5 of the Dungeon.
             The game lasted 00:06:07 (3060 turns).

Ijustatesigmund the Chopper (Octopode Fighter)      Turns: 3060, Time: 00:06:07

Health: -5/43      AC:  3    Str: 16    XL:     6   Next: 26%
Magic:  6/6        EV: 11    Int: 12    God:
Gold:   147        SH:  9    Dex: 11    Spells: 4/5 levels left

rFire    . . .     SeeInvis .   a - +0 war axe
rCold    . . .     Faith    .   b - +0 kite shield
rNeg     . . .     Spirit   .   d - +2 hat {Will+}
rPois    .         Reflect  .   (no amulet)
rElec    .         Harm     .   (no ring)
rCorr    .         Rampage  .   (no ring)
Will     +....                  (no ring)
Stlth    +++.......             (no ring)
HPRegen  0.14/turn              (no ring)
MPRegen  0.10/turn              (no ring)
                                (no ring)
                                (no ring)

@: mighty
A: almost no armour, amphibious, 8 rings, camouflage 1, gelatinous body 1,
(nimble swimmer 1), tentacles
a: no special abilities


You were on level 5 of the Dungeon.
You visited 1 branch of the dungeon, and saw 5 of its levels.

You collected 147 gold pieces.

Inventory:

Hand Weapons
 a - a +0 war axe (weapon)
Armour
 b - a +0 kite shield (worn)
 d - a +2 hat of willpower (worn)
Jewellery
 e - a +6 ring of dexterity
 h - an amulet of magic regeneration


   Skills:
 + Level 4.1 Fighting
 * Level 4.2 Axes
 - Level 3.3 Dodging
 - Level 1.8 Stealth
 - Level 3.4 Shields
 + Level 2.1 Transmutations


You had 4 spell levels left.
You knew the following spells:

 Your Spells              Type           Power      Damage    Failure   Level
a - Beastly Appendage     Tmut           10%        N/A       52%         1

Your spell library contained the following spells:

 Spells                   Type           Power      Damage    Failure   Level
 Wereblood                Tmut           5%         N/A       67%         2
 Corona                   Hex            0%         N/A       83%         1
 Ensorcelled Hibernation  Hex/Ice        0%         N/A       92%         2
 Spider Form              Tmut/Pois      1%         N/A       96%         3
 Confusing Touch          Hex            0%         N/A       99%         3
 Dazzling Flash           Conj/Hex       0%         N/A       99%         3
 Tukima's Dance           Hex            0%         N/A       99%         3
 Ice Form                 Ice/Tmut       2%         N/A       100%        4


Dungeon Overview and Level Annotations

Branches:
Dungeon (5/15)
 Temple: D:4-7

Altars:

Annotations:
D:4 Pikel
D:5 Edmund


Innate Abilities, Weirdness & Mutations

You cannot wear most types of armour.
You are amphibious.
You can wear up to eight rings at the same time.
Your skin changes colour to match your surroundings (Stealth+).
Your rubbery body absorbs attacks. (AC +1, EV +1)
((You are camouflaged near water. (Stealth+)))
You have tentacles for arms and can constrict up to eight enemies at once.


Message History

Press: ? - help, Q - select action, (/) - cycle Shift-Dir - straight line, f - gnoll, p - Edmund
Aim: a gnoll, wielding a +4 flail (61% to hit, chance to blind on hit: 100%)
You throw an atropa-tipped dart. The atropa-tipped dart hits the gnoll.
The gnoll appears confused.
The gnoll hits the gnoll with a +4 flail!
Throw: dart (atropa)
Press: ? - help, Q - select action, (/) - cycle Shift-Dir - straight line, f - iguana, p - gnoll
Aim: an iguana (61% to hit, chance to blind on hit: 80%)
You throw an atropa-tipped dart. The atropa-tipped dart hits the iguana.
The iguana appears confused.
You block the iguana's attack.
You hit the iguana. Your grab misses the iguana.
The iguana is lightly wounded.
You hit the gnoll.
The gnoll is no longer blind.
The iguana seems less confused.
The iguana closely misses you. The gnoll closely misses you.
You block the iguana's attack.
You barely miss the iguana. You grab the iguana.
The iguana is lightly wounded.
You hit the gnoll. You constrict the iguana. The iguana closely misses you.
The gnoll hits you with a +4 flail! The gnoll hits you but does no damage.
You hit the iguana.
The iguana is heavily wounded.
You barely miss the gnoll. You hit the gnoll. You constrict the iguana.
The iguana is no longer blind.
You block the iguana's attack. The gnoll closely misses you.
The gnoll misses you. Edmund closely misses you. The iguana misses you.
You hit the iguana but do no damage. Your squeeze misses the iguana.
The iguana is heavily wounded.
You closely miss Edmund. You barely miss the gnoll. x2
You constrict the iguana. The gnoll hits you with a +4 flail!
* * * LOW HITPOINT WARNING * * *
You block the gnoll's attack. You block Edmund's attack.
You block the iguana's attack. The gnoll closely misses you.
The gnoll hits you with a +0 whip.
* * * LOW HITPOINT WARNING * * *
You feel very mighty all of a sudden.
You constrict the iguana.
You kill the iguana!
Edmund hits you with a +2 flail of protection!
You die...

#+#....###.....####
##+##..#####...........
+..)....# #...........
#.......# #........)..
#....(..# #....$......
#####..## #...........
#..##(#.# #.....?.....
#....g(.# #######.....
+...Yg@## #.....
#####@..# #..<รท. #...#
#..... ##+## #.....
#..... #..... #.....
#..... ......


You could see Edmund, an ice beast and 2 gnolls.

Vanquished Creatures
  A water moccasin (D:5)
  2 hounds
  An iguana (D:5)
  3 gnolls (D:5)
  3 adders
  A worm (D:2)
  3 dart slugs
  An orc (D:4)
  5 endoplasms
  6 giant cockroaches
  5 hobgoblins
  5 jackals
  A quokka (D:1)
  3 ball pythons
  3 bats
  6 frilled lizards
  5 kobolds
  2 rats
56 creatures vanquished.

Vanquished Creatures (others)
  An orc (D:4)
1 creature vanquished.

Grand Total: 57 creatures vanquished

Notes
Turn   | Place    | Note
-------+----------+-------------------------------------------
     0 | D:1      | Ijustatesigmund the Octopode Fighter began the quest for
                  | the Orb.
     0 | D:1      | Reached XP level 1. HP: 16/16 MP: 1/1
   144 | D:1      | Reached XP level 2. HP: 21/21 MP: 2/2
   642 | D:1      | Reached skill level 1 in Stealth
   645 | D:1      | Reached XP level 3. HP: 26/26 MP: 3/3
  1553 | D:2      | Found a faded altar of an unknown god.
  1664 | D:2      | Learned a level 1 spell: Beastly Appendage
  1766 | D:3      | Reached XP level 4. HP: 28/31 MP: 4/4
  1931 | D:3      | Reached skill level 1 in Transmutations
  2006 | D:3      | Reached XP level 5. HP: 25/36 MP: 5/5
  2107 | D:3      | You fall into a shaft and drop 2 floors!
  2107 | D:5      | Entered Level 5 of the Dungeon
  2319 | D:5      | Noticed a water moccasin
  2332 | D:5      | Killed a water moccasin
  2333 | D:5      | Reached XP level 6. HP: 10/43 MP: 6/6
  2597 | D:4      | Noticed Edmund
  2597 | D:4      | Noticed Pikel
  2742 | D:4      | Identified a scroll of acquirement
  2742 | D:4      | Acquired a +2 hat of willpower
  3030 | D:5      | Noticed an ice beast
  3060 | D:5      | Slain by Edmund

Illustrated notes

Levels and vault maps discovered:
D:1:      amcnicky_arrival_abandoned_market, layout_basic, chequers_arboretum
D:2:      layout_basic, dilly_ecumenical_altar_fadedgnrine
D:3:      layout_loops_ring, serial_rivers, chequers_serial_rivers_room_b,
          chequers_serial_rivers_micro_c, chequers_serial_rivers_large_a,
          chequers_serial_rivers_micro_c, chequers_serial_rivers_micro_d,
          nrook_mini_backslash
D:4:      minmay_bubble_buster, layout_cave_pools, uniq_robin, uniq_eustachio,
          uniq_edmund, uniq_pikel
D:5:      layout_gridville

Skill      XL: |  1  2  3  4  5 |
---------------+----------------+-----
Stealth        | 1 |  1.8
Axes           | 3 4 |  4.2
Transmutations | 1 2 |  2.1
Fighting       | 4 |  4.1
Dodging        | |  3.3
Shields        | |  3.4

Action                   |  1- 3 |  4- 6 || total
-------------------------+-------+-------++-------
Melee: War axe           |    56 |    54 ||   110
       Constrict         |    14 |    12 ||    26
       Tentacles         |     9 |     9 ||    18
Throw: Dart              |       |     6 ||     6
       Throwing net      |       |     2 ||     2
  Use: Scroll            |     2 |     8 ||    10
       Potion            |       |     4 ||     4
 Stab: Sleeping          |    11 |     2 ||    13
Armor: Skin              |     1 |    26 ||    27
Dodge: Dodged            |    16 |    52 ||    68
Block: Kite shield       |    25 |    46 ||    71

Table legend: (Time is in decaauts)
 A = Elapsed time spent in this place.
 B = Non-inter-level travel time spent in this place.
 C = Inter-level travel time spent in this place.
 D = Time resting spent in this place.
 E = Time spent auto-exploring this place.
 F = Levels seen in this place.
 G = Mean time per level.
                   A        B        C        D        E       F      G
               +--------+--------+--------+--------+--------+-----+--------+
         Total |   3128 |   3089 |     39 |    776 |   1850 |   5 |  625.6 |
       Dungeon |   3128 |   3089 |     39 |    776 |   1850 |   5 |  625.6 |
               +--------+--------+--------+--------+--------+-----+--------+

Top non-repeatable levels by time:
     D:2: 981 daAuts
     D:1: 774 daAuts
     D:5: 763 daAuts
     D:3: 399 daAuts
     D:4: 208 daAuts
